 Dungeon Crawl Stone Soup version 0.30-a0-170-g85af917532 (webtiles) character file.

Game seed: 9993409504318713153

62 qw the Chopper (level 4, -1/28 HPs)
             Began as a Gargoyle Fighter on Sept 30, 2022.
             Killed by nerve-wracking pain
             ... invoked by an orc priest
              (3 damage)
             ... on level 2 of the Dungeon.
             The game lasted 00:00:35 (1184 turns).

qw the Chopper (Gargoyle Fighter)                   Turns: 1184, Time: 00:00:36

Health: -1/28      AC: 11    Str: 21    XL:     4   Next: 8%
Magic:  4/4        EV:  9    Int:  9    God:
Gold:   34         SH:  4    Dex:  9    Spells: 3/3 levels left

rFire   . . .      SeeInvis +    Y - +0 war axe
rCold   . . .      Faith    .    c - +0 buckler
rNeg    + . .      Spirit   .    b - +0 scale mail
rPois   inf        Reflect  .    (no helmet)
rElec   +          Harm     .    (no cloak)
rCorr   .          Rampage  .    (no gloves)
Will    .....                    e - +0 pair of boots
Stlth   ..........               (no amulet)
HPRegen 0.09/turn                n - ring of see invisible
MPRegen 0.09/turn                (no ring)

@: no status effects
A: sickness immunity, AC +3, negative energy resistance 1, electricity
resistance, torment resistance 1, petrification resistance
a: no special abilities


You were on level 2 of the Dungeon.
You visited 1 branch of the dungeon, and saw 2 of its levels.

You collected 34 gold pieces.


Innate Abilities, Weirdness & Mutations

You are immune to sickness and miasma.
Your stone body is resilient. (AC +3)
You are immune to poison.
You resist negative energy. (rN+)
You are resistant to electric shocks. (rElec)
You are resistant to unholy torment.
You are immune to petrification.


   Skills:
 - Level 3.2 Fighting
 + Level 3.8 Axes
 - Level 3.2 Armour
 - Level 3.2 Shields


You had 3 spell levels left.
You didn't know any spells.
Your spell library was empty.

Inventory:

Hand Weapons
 g - a +0 mace
 Y - a +0 war axe (weapon)
Armour
 b - a +0 scale mail (worn)
 c - a +0 buckler (worn)
 e - a +0 pair of boots (worn)
Jewellery
 n - a ring of see invisible (left hand)
Potions
 d - a potion of might
 f - a potion of heal wounds {unknown}
 h - a potion of degeneration {unknown}
 m - a potion of brilliance {unknown}

Dungeon Overview and Level Annotations

Branches:
Dungeon (2/15)

Altars:


Message History

The orc priest is almost dead.
You hit the orc but do no damage.
The orc priest invokes the aid of Beogh against you.
You barely resist. You closely miss the orc.
The orc is almost dead.
You closely miss the orc.
You hit the orc priest but do no damage.
The orc closely misses you. The orc barely misses you.
You barely miss the orc.
The orc is almost dead.
You closely miss the orc priest. You hit the orc priest. You slash the orc!
You kill the orc!
The orc priest hits you but does no damage. x2
The orc hits you but does no damage. You block the orc's attack.
The orc priest hits you but does no damage.
The orc priest hits you with a +2 dagger of venom.
The orc priest calls upon Beogh to heal the orc priest.
The orc priest is healed somewhat.
You closely miss the orc priest.
The orc priest is severely wounded.
You barely miss the orc. You closely miss the orc priest. x2
The orc priest hits you but does no damage.
The orc priest closely misses you. The orc closely misses you.
The orc priest invokes the aid of Beogh against you.
Pain shoots through your body!
You barely miss the orc priest.
The orc priest is severely wounded.
You hit the orc.
You kill the orc!
You slash the orc priest! x2
The orc priest mumbles some strange prayers to Beogh against you.
Beogh smites you!
Ouch! That really hurt!
The orc priest barely misses you.
The orc priest hits you with a +2 dagger of venom.
The orc priest barely misses you.
The orc priest invokes the aid of Beogh against you.
Pain shoots through your body!
You die...

..o.#. .. o..._ ..#
...o ...# P.. ....#
o. #..###.
#....o#########
#....o@.....?.#
#..:.o).......#
#.............#
#.........###.
#.........#
...........######.
...##++............
... # #..........#
.. #.#.....####..


You could see 3 orc priests.

Vanquished Creatures
  An adder (D:2)
  2 dart slugs (D:2)
  2 orcs (D:2)
  7 ball pythons
  3 bats
  4 endoplasms
  A giant cockroach (D:1)
  2 goblins (D:1)
  2 hobgoblins (D:1)
  7 jackals (D:2)
  2 kobolds (D:1)
  4 quokkas
  3 frilled lizards
  4 rats
44 creatures vanquished.

Vanquished Creatures (others)
  A demonic plant (D:2)
  A fungus (D:2)
  2 plants (D:2)
  2 withered plants (D:2)
6 creatures vanquished.

Grand Total: 50 creatures vanquished

Notes
Turn   | Place    | Note
-------+----------+-------------------------------------------
     0 | D:1      | qw the Gargoyle Fighter began the quest for the Orb.
     0 | D:1      | Reached XP level 1. HP: 14/14 MP: 1/1
     0 | D:1      | 0 ||| qw: Version: 0.2-a-12-gaebbb33
     0 | D:1      | 0 ||| qw: Game counter: 1450
     0 | D:1      | 0 ||| qw: Always use a shield: true
     0 | D:1      | 0 ||| qw: God list: Okawaru
     0 | D:1      | 0 ||| qw: Allow faded altars: false
     0 | D:1      | 0 ||| qw: Do Orc after D:15 true
     0 | D:1      | 0 ||| qw: Do second Lair branch before Depths: true
     0 | D:1      | 0 ||| qw: Lair rune preference: random
     0 | D:1      | 0 ||| qw: Plans: Normal, Zot:1-4, God:TSO, Crypt, Tomb,
                  | Pan, Slime:5, Hells, Abyss, Orb
     0 | D:1      | 0 ||| PLANNING D:1-11
   297 | D:1      | Reached XP level 2. HP: 19/19 MP: 2/2
   319 | D:1      | 319 ||| Stepping ~*~*~tactically~*~*~ (stealth).
   579 | D:1      | 579 ||| Stepping ~*~*~tactically~*~*~ (stealth).
   582 | D:1      | 582 ||| Stepping ~*~*~tactically~*~*~ (stealth).
   586 | D:1      | 586 ||| Stepping ~*~*~tactically~*~*~ (stealth).
   603 | D:1      | 603 ||| Stepping ~*~*~tactically~*~*~ (stealth).
   611 | D:1      | Reached skill level 3 in Axes
   767 | D:1      | Reached XP level 3. HP: 21/23 MP: 3/3
   958 | D:1      | 958 ||| UPGRADING to +0 pair of boots.
   963 | D:1      | 963 ||| DROPPING +6 ring of intelligence.
   964 | D:1      | 964 ||| UPGRADING to ring of see invisible.
   965 | D:1      | 965 ||| READING scroll labelled BATAWUKLEF.
   966 | D:1      | 966 ||| READING scroll labelled KUEC NES VUORR.
   967 | D:1      | 967 ||| READING scroll labelled YPSOATZOGG.
   985 | D:2      | 985 ||| Stepping ~*~*~tactically~*~*~ (stealth).
   986 | D:2      | 986 ||| Stepping ~*~*~tactically~*~*~ (stealth).
  1041 | D:2      | 1041 ||| Stepping ~*~*~tactically~*~*~ (stealth).
  1127 | D:2      | Reached XP level 4. HP: 27/28 MP: 4/4
  1169 | D:2      | 1169 ||| Stepping ~*~*~tactically~*~*~ (stealth).
  1170 | D:2      | Found a faded altar of an unknown god.
  1171 | D:2      | 1171 ||| Stepping ~*~*~tactically~*~*~ (hiding).
  1184 | D:2      | HP: 3/28 [orc priest/divine providence (14)]
  1184 | D:2      | Killed from afar by an orc priest

Levels and vault maps discovered:
D:1:      roderic_crossed_star, layout_loops_cross
D:2:      layout_basic, shapermc_ecumenical_altar_gd, minmay_fractal_squares_5,
          uniq_robin

Skill      XL: |  1  2 |
---------------+-------+-----
Axes           | 2 3 |  3.8
Fighting       | |  3.2
Armour         | |  3.2
Shields        | |  3.2

Action                   |  1- 3 |  4- 6 || total
-------------------------+-------+-------++-------
Melee: War axe           |   110 |    18 ||   128
  Use: Scroll            |     3 |       ||     3
Armor: Scale mail        |    57 |    11 ||    68
Dodge: Dodged            |    57 |    14 ||    71
Block: Buckler           |    31 |     4 ||    35

Table legend:
 A = Non-vault XP
 B = Vault XP
 C = Vault XP percentage of total XP
 D = Non-vault monster count
 E = Vault monster count
 F = Vault count percentage of total count
                 A         B        C        D         E       F
            +---------+---------+-------+---------+---------+-------
      Total |      85 |       7 |   7.6 |      39 |       5 |  11.4
            +---------+---------+-------+---------+---------+-------
        D:1 |      36 |       0 |   0.0 |      22 |       0 |   0.0
        D:2 |      49 |       7 |  12.5 |      17 |       5 |  22.7
            +---------+---------+-------+---------+---------+-------
